TOP OF THE 1ST |
University of Arizona Wildcats batting - Pitching for UCLA Bruins : LHP Dave Hutchison
|
Pitching: LHP Dave Hutchison
|
|
Batting: LHB Jere Paatelainen
|
0-0: Ball 1-0: Called Strike 1-1: Fly out, F7 (Flyball, 7D, EV 82.5 MPH)
|
Batting: RHB Larry Harlow
|
0-0: Ball 1-0: Ball 2-0: Ball 3-0: Called Strike 3-1: Foul Ball, location: 2F 3-2: Ground out 4-3 (Groundball, 4S, EV 85.6 MPH)
|
Batting: RHB Ron Dondale
|
0-0: Foul Ball, location: 2F 0-1: SINGLE (Flyball, 5D, EV 89.4 MPH)
|
Batting: LHB Mark Harris
|
0-0: Called Strike 0-1: Called Strike Ron Dondale steals 2nd base (no throw) 0-2: Ball 1-2: Ball 2-2: DOUBLE (Flyball, 89D, EV 109.4 MPH) Ron Dondale scores
|
Batting: LHB Andrew Davis
|
0-0: Ball 1-0: Ball 2-0: Fly out, F7 (Flyball, 7, EV 90.0 MPH)
|
Top of the 1st over - 1 run, 2 hits, 0 errors, 1 left on base; University of Arizona 1 - UCLA 0 |
BOTTOM OF THE 1ST |
UCLA Bruins batting - Pitching for University of Arizona Wildcats : RHP Jimmy Serna
|
Pitching: RHP Jimmy Serna
|
|
Batting: RHB Ken Hillman
|
0-0: Ball 1-0: Called Strike 1-1: Ball 2-1: Ball 3-1: Foul Ball, location: 2F 3-2: Strikes out swinging
|
Batting: LHB Mark Cummings
|
0-0: Ball 1-0: Ball 2-0: Ball 3-0: Called Strike 3-1: Foul Ball, location: 2F 3-2: Base on Balls
|
Batting: RHB Andy Knerr
|
0-0: Ball 1-0: Ball 2-0: Ball 3-0: Called Strike 3-1: Swinging Strike 3-2: Foul Ball, location: 2F 3-2: Base on Balls Mark Cummings to second
|
Batting: RHB Issac Konol
|
0-0: Fielders Choice at 2nd, 3-6 (Groundball, 3, EV 88.8 MPH) Mark Cummings to third
|
Batting: LHB Scott Mullett
|
0-0: Swinging Strike 0-1: Ground out 5-3 (Groundball, 56, EV 106.2 MPH)
|
Bottom of the 1st over - 0 runs, 0 hits, 0 errors, 2 left on base; University of Arizona 1 - UCLA 0 |
TOP OF THE 2ND |
University of Arizona Wildcats batting - Pitching for UCLA Bruins : LHP Dave Hutchison
|
Batting: LHB Lihau Keawe
|
0-0: Ball 1-0: Swinging Strike 1-1: Called Strike 1-2: SINGLE (Groundball, 6, EV 95.0 MPH)
|
Batting: SHB George Grace
|
0-0: Called Strike 0-1: Foul Ball, location: 2F 0-2: Ball 1-2: Strikes out swinging
|
Batting: RHB Vince Parris
|
0-0: Grounds into double play, 6-4-3 (Groundball, 6, EV 86.2 MPH)
|
Top of the 2nd over - 0 runs, 1 hit, 0 errors, 0 left on base; University of Arizona 1 - UCLA 0 |
BOTTOM OF THE 2ND |
UCLA Bruins batting - Pitching for University of Arizona Wildcats : RHP Jimmy Serna
|
Batting: RHB Dave Spradley
|
0-0: Ball 1-0: Ground out 6-3 (Groundball, 6, EV 85.0 MPH)
|
Batting: RHB Michael Alvarado
|
0-0: Called Strike 0-1: Ball 1-1: SINGLE (Line Drive, 89S, EV 103.8 MPH)
|
Batting: LHB Dave Hutchison
|
0-0: Swinging Strike Michael Alvarado steals 2nd base 0-1: Foul Ball, location: 2F 0-2: Foul Ball, location: 2F 0-2: Ball 1-2: Ground out 6-3 (Groundball, 56, EV 76.2 MPH)
|
Batting: RHB Ivan Murillo
|
0-0: Called Strike 0-1: Ball 1-1: Swinging Strike 1-2: Ball 2-2: Ground out 4-3 (Groundball, 4, EV 100.0 MPH)
|
Bottom of the 2nd over - 0 runs, 1 hit, 0 errors, 1 left on base; University of Arizona 1 - UCLA 0 |
TOP OF THE 3RD |
University of Arizona Wildcats batting - Pitching for UCLA Bruins : LHP Dave Hutchison
|
Batting: RHB Gustavo Rodriguez
|
0-0: Called Strike 0-1: Swinging Strike 0-2: Ball 1-2: Strikes out swinging
|
Batting: LHB Jere Paatelainen
|
0-0: Foul Ball, location: 2F 0-1: Foul Ball, location: 2F 0-2: Ball 1-2: Fly out, F9 (Line Drive, 89S, EV 99.4 MPH)
|
Batting: RHB Larry Harlow
|
0-0: Called Strike 0-1: Swinging Strike 0-2: Strikes out swinging
|
Top of the 3rd over - 0 runs, 0 hits, 0 errors, 0 left on base; University of Arizona 1 - UCLA 0 |
BOTTOM OF THE 3RD |
UCLA Bruins batting - Pitching for University of Arizona Wildcats : RHP Jimmy Serna
|
Batting: RHB Ken Hillman
|
0-0: Called Strike 0-1: Ball 1-1: Called Strike 1-2: Ball 2-2: SINGLE (Groundball, 56S, EV 66.9 MPH) (infield hit)
|
Batting: LHB Mark Cummings
|
0-0: Fly out, F8 (Flyball, 78S, EV 85.0 MPH)
|
Batting: RHB Andy Knerr
|
0-0: Ball 1-0: Called Strike 1-1: Foul Ball, location: 2F 1-2: DOUBLE (Line Drive, 89D, EV 108.8 MPH) Ken Hillman to third Runner from 3rd tries for Home, SAFE, throw by RF to home
|
Batting: RHB Issac Konol
|
0-0: Called Strike 0-1: SINGLE (Line Drive, 89S, EV 101.2 MPH) Andy Knerr to third Runner from 3rd tries for Home, throw by RF and OUT! 9-2 Issac Konol to second
|
Batting: LHB Scott Mullett
|
0-0: Ground out U3 (Groundball, 34D, EV 102.5 MPH)
|
Bottom of the 3rd over - 1 run, 3 hits, 0 errors, 1 left on base; University of Arizona 1 - UCLA 1 |
TOP OF THE 4TH |
University of Arizona Wildcats batting - Pitching for UCLA Bruins : LHP Dave Hutchison
|
Batting: RHB Ron Dondale
|
0-0: Ball 1-0: Swinging Strike 1-1: Ball 2-1: Ground out 5-3 (Groundball, 5L, EV 111.2 MPH)
|
Batting: LHB Mark Harris
|
0-0: Ball 1-0: Swinging Strike 1-1: Ball 2-1: Ball 3-1: Base on Balls
|
Batting: LHB Andrew Davis
|
0-0: Called Strike 0-1: Foul Ball, location: 2F 0-2: Ball 1-2: Fielders Choice at 2nd, 4-6 (Groundball, 4, EV 106.9 MPH)
|
Batting: LHB Lihau Keawe
|
0-0: Called Strike 0-1: Foul Ball, location: 2F 0-2: Strikes out swinging
|
Top of the 4th over - 0 runs, 0 hits, 0 errors, 1 left on base; University of Arizona 1 - UCLA 1 |
BOTTOM OF THE 4TH |
UCLA Bruins batting - Pitching for University of Arizona Wildcats : RHP Jimmy Serna
|
Batting: RHB Dave Spradley
|
0-0: Called Strike 0-1: SOLO HOME RUN (Flyball, 7D, EV 96.2 MPH), Distance : 376 ft
|
Batting: RHB Michael Alvarado
|
0-0: Reached on error, E4 (Groundball, 4, EV 80.6 MPH)
|
Batting: LHB Dave Hutchison
|
0-0: Ball 1-0: Ground out 5-3 (Groundball, 56S, EV 77.5 MPH) Michael Alvarado to second
|
Batting: RHB Ivan Murillo
|
0-0: Called Strike 0-1: Foul Ball, location: 2F 0-2: Foul Ball, location: 2F 0-2: Fly out, F8 (Line Drive, 89M, EV 105.6 MPH)
|
Batting: RHB Ken Hillman
|
0-0: Ball 1-0: Foul Ball, location: 2F 1-1: Ball 2-1: Ball 3-1: Called Strike 3-2: Base on Balls
|
Batting: LHB Mark Cummings
|
0-0: Foul Ball, location: 2F 0-1: Ball 1-1: Ball 2-1: Reached on error, E5 (Groundball, 56, EV 83.8 MPH) Michael Alvarado to third Ken Hillman to second
|
Batting: RHB Andy Knerr
|
0-0: Swinging Strike 0-1: Ball 1-1: Ball 2-1: Foul Ball, location: 2F 2-2: Fielders Choice at 2nd, 6-4 (Groundball, 6, EV 83.1 MPH)
|
Bottom of the 4th over - 1 run, 1 hit, 2 errors, 3 left on base; University of Arizona 1 - UCLA 2 |
TOP OF THE 5TH |
University of Arizona Wildcats batting - Pitching for UCLA Bruins : LHP Dave Hutchison
|
Batting: SHB George Grace
|
0-0: Foul Ball, location: 2F 0-1: Ball 1-1: Foul Ball, location: 2F 1-2: Foul Ball, location: 2F 1-2: Ball 2-2: Foul Ball, location: 2F 2-2: Ground out U3 (Groundball, 3S, EV 81.9 MPH)
|
Batting: RHB Vince Parris
|
0-0: Ball 1-0: Foul Ball, location: 2F 1-1: Ground out 3-1 (Groundball, 34S, EV 88.1 MPH)
|
Batting: RHB Gustavo Rodriguez
|
0-0: Called Strike 0-1: Ball 1-1: Ball 2-1: Foul Ball, location: 2F 2-2: Strikes out swinging
|
Top of the 5th over - 0 runs, 0 hits, 0 errors, 0 left on base; University of Arizona 1 - UCLA 2 |
BOTTOM OF THE 5TH |
UCLA Bruins batting - Pitching for University of Arizona Wildcats : RHP Jimmy Serna
|
Batting: RHB Issac Konol
|
0-0: Called Strike 0-1: Ball 1-1: Foul Ball, location: 2F 1-2: Foul Ball, location: 2F 1-2: SINGLE (Groundball, 56D, EV 97.5 MPH)
|
Batting: LHB Scott Mullett
|
0-0: Ball 1-0: Called Strike 1-1: Swinging Strike 1-2: 2-RUN HOME RUN (Flyball, 9LD, EV 93.1 MPH), Distance : 345 ft
|
Batting: RHB Dave Spradley
|
0-0: Called Strike 0-1: Foul Ball, location: 2F 0-2: Ball 1-2: Ball 2-2: Strikes out swinging
|
Batting: RHB Michael Alvarado
|
0-0: Ball 1-0: Called Strike 1-1: Foul Ball, location: 2F 1-2: Ball 2-2: Strikes out swinging
|
Batting: LHB Dave Hutchison
|
0-0: SINGLE (Line Drive, 56D, EV 95.6 MPH)
|
Batting: RHB Ivan Murillo
|
0-0: Called Strike 0-1: Ball 1-1: Foul Ball, location: 2F 1-2: Ball 2-2: Ball 3-2: Base on Balls Dave Hutchison to second
|
Batting: RHB Ken Hillman
|
0-0: Ground out 4-3 (Groundball, 4, EV 103.8 MPH)
|
Bottom of the 5th over - 2 runs, 3 hits, 0 errors, 2 left on base; University of Arizona 1 - UCLA 4 |
TOP OF THE 6TH |
University of Arizona Wildcats batting - Pitching for UCLA Bruins : LHP Dave Hutchison
|
Batting: LHB Jere Paatelainen
|
0-0: DOUBLE (Line Drive, 3D, EV 95.6 MPH)
|
Batting: RHB Larry Harlow
|
0-0: Ground out 6-3 (Groundball, 6, EV 98.1 MPH)
|
Batting: RHB Ron Dondale
|
0-0: Called Strike 0-1: Ball 1-1: Foul Ball, location: 2F 1-2: Strikes out looking
|
Batting: LHB Mark Harris
|
0-0: Ball 1-0: Fly out, F7 (Flyball, 7, EV 85.6 MPH)
|
Top of the 6th over - 0 runs, 1 hit, 0 errors, 1 left on base; University of Arizona 1 - UCLA 4 |
BOTTOM OF THE 6TH |
UCLA Bruins batting - Pitching for University of Arizona Wildcats : RHP Jimmy Serna
|
Batting: LHB Mark Cummings
|
0-0: Fly out, F2 (Popup, 2LF, EV 91.9 MPH)
|
Batting: RHB Andy Knerr
|
0-0: Called Strike 0-1: Ball 1-1: Fly out, F9 (Flyball, 9, EV 78.8 MPH)
|
Batting: RHB Issac Konol
|
0-0: Ball 1-0: SINGLE (Groundball, 56D, EV 103.8 MPH)
|
Pitching: LHP Matt Waterbury
|
|
Batting: LHB Scott Mullett
|
0-0: Called Strike 0-1: Swinging Strike 0-2: Ball 1-2: SINGLE (Line Drive, 78S, EV 97.5 MPH) Issac Konol to second
|
Batting: RHB Dave Spradley
|
0-0: Called Strike 0-1: Swinging Strike 0-2: Ball 1-2: Ball 2-2: Ball 3-2: Fly out, F8 (Flyball, 78D, EV 105.6 MPH)
|
Bottom of the 6th over - 0 runs, 2 hits, 0 errors, 2 left on base; University of Arizona 1 - UCLA 4 |
TOP OF THE 7TH |
University of Arizona Wildcats batting - Pitching for UCLA Bruins : LHP Dave Hutchison
|
Batting: LHB Andrew Davis
|
0-0: Ground out 6-3 (Groundball, 6, EV 85.6 MPH)
|
Pitching: RHP Quincy Bowen
|
|
Batting: LHB Lihau Keawe
|
0-0: Ball 1-0: Called Strike 1-1: Ball 2-1: Foul Ball, location: 2F 2-2: Foul Ball, location: 2F 2-2: Foul Ball, location: 2F 2-2: Ball 3-2: Ground out 6-3 (Groundball, 6, EV 88.1 MPH)
|
Batting: SHB George Grace
|
0-0: Called Strike 0-1: Swinging Strike 0-2: Foul Ball, location: 2F 0-2: Ball 1-2: Ball 2-2: Strikes out swinging
|
Top of the 7th over - 0 runs, 0 hits, 0 errors, 0 left on base; University of Arizona 1 - UCLA 4 |
BOTTOM OF THE 7TH |
UCLA Bruins batting - Pitching for University of Arizona Wildcats : LHP Matt Waterbury
|
Pitching: RHP Chris Obloy
|
|
Batting: RHB Michael Alvarado
|
0-0: Called Strike 0-1: Ball 1-1: Ground out 4-3 (Groundball, 4S, EV 80.6 MPH)
|
Batting: LHB Dave Hutchison
|
0-0: Ball 1-0: Swinging Strike 1-1: Foul Ball, location: 2F 1-2: Fly out, F7 (Flyball, 7LS, EV 75.6 MPH)
|
Batting: RHB Ivan Murillo
|
0-0: Swinging Strike 0-1: SINGLE (Groundball, 56D, EV 95.6 MPH)
|
Batting: RHB Ken Hillman
|
0-0: Ball Wild Pitch! Ivan Murillo to second 1-0: Ball 2-0: Ball 3-0: Called Strike 3-1: Called Strike 3-2: Ground out 6-3 (Groundball, 6, EV 111.2 MPH)
|
Bottom of the 7th over - 0 runs, 1 hit, 0 errors, 1 left on base; University of Arizona 1 - UCLA 4 |
TOP OF THE 8TH |
University of Arizona Wildcats batting - Pitching for UCLA Bruins : RHP Quincy Bowen
|
Pitching: RHP Alex Rosales
|
|
Pinch Hitting: LHB Pascal Noël
|
0-0: Swinging Strike 0-1: Ground out 4-3 (Groundball, 4, EV 109.4 MPH)
|
Pinch Hitting: RHB Eddy Amaya
|
0-0: Ball 1-0: Called Strike 1-1: Ball 2-1: Ball 3-1: Base on Balls
|
Batting: LHB Jere Paatelainen
|
0-0: Foul Ball, location: 2F 0-1: Foul Ball, location: 2F 0-2: Ball 1-2: Ball 2-2: Fly out, F5 (Line Drive, 56, EV 75.0 MPH)
|
Batting: RHB Larry Harlow
|
0-0: Ball 1-0: Fly out, F9 (Line Drive, 9, EV 98.8 MPH)
|
Top of the 8th over - 0 runs, 0 hits, 0 errors, 1 left on base; University of Arizona 1 - UCLA 4 |
BOTTOM OF THE 8TH |
UCLA Bruins batting - Pitching for University of Arizona Wildcats : RHP Chris Obloy
|
Pitching: LHP Lance Freake
|
|
Now at 1B: Eddy Amaya
|
|
Now in LF: Lihau Keawe
|
|
Now in RF: Tatsuro Hamasaki
|
|
Batting: LHB Mark Cummings
|
0-0: Called Strike 0-1: Called Strike 0-2: Ball 1-2: Ball 2-2: Fly out, F5 (Popup, 25F, EV 86.9 MPH)
|
Batting: RHB Andy Knerr
|
0-0: Swinging Strike 0-1: Ball 1-1: Ball 2-1: Ground out 4-3 (Groundball, 4, EV 105.0 MPH)
|
Batting: RHB Issac Konol
|
0-0: Ball 1-0: Called Strike 1-1: Swinging Strike 1-2: Strikes out swinging
|
Bottom of the 8th over - 0 runs, 0 hits, 0 errors, 0 left on base; University of Arizona 1 - UCLA 4 |
TOP OF THE 9TH |
University of Arizona Wildcats batting - Pitching for UCLA Bruins : RHP Alex Rosales
|
Pitching: LHP Honor Munoz
|
|
Batting: RHB Ron Dondale
|
0-0: Ball 1-0: Foul Ball, location: 2F 1-1: Called Strike 1-2: SOLO HOME RUN (Flyball, 78XD, EV 106.2 MPH), Distance : 431 ft
|
Pinch Hitting: RHB Carlos Maravilla
|
0-0: SINGLE (Groundball, 6MD, EV 101.2 MPH)
|
Batting: LHB Andrew Davis
|
0-0: Ball 1-0: Ball 2-0: 2-RUN HOME RUN (Flyball, 9D, EV 96.2 MPH), Distance : 369 ft
|
Batting: LHB Lihau Keawe
|
0-0: Ball 1-0: Called Strike 1-1: Called Strike 1-2: Strikes out swinging
|
Batting: SHB George Grace
|
0-0: Swinging Strike 0-1: Swinging Strike 0-2: Foul Ball, location: 2F 0-2: Fly out, F9 (Line Drive, 9, EV 97.5 MPH)
|
Batting: RHB Tatsuro Hamasaki
|
0-0: Ball 1-0: Called Strike 1-1: Swinging Strike 1-2: Strikes out swinging
|
Top of the 9th over - 3 runs, 3 hits, 0 errors, 0 left on base; University of Arizona 4 - UCLA 4 |
BOTTOM OF THE 9TH |
UCLA Bruins batting - Pitching for University of Arizona Wildcats : LHP Lance Freake
|
Pitching: LHP Victor Silva
|
|
Now at 3B: Carlos Maravilla
|
|
Batting: LHB Scott Mullett
|
0-0: Called Strike 0-1: Swinging Strike 0-2: Strikes out looking
|
Batting: RHB Dave Spradley
|
0-0: Called Strike 0-1: Ball 1-1: Ball 2-1: Foul Ball, location: 2F 2-2: Ball 3-2: Ground out U3 (Groundball, 3, EV 85.0 MPH)
|
Batting: RHB Michael Alvarado
|
0-0: Ball 1-0: Ball 2-0: Foul Ball, location: 2F 2-1: Ball 3-1: Base on Balls
|
Batting: SHB Mike Beck
|
0-0: Called Strike 0-1: Ball 1-1: Called Strike 1-2: Foul Ball, location: 2F 1-2: Ball 2-2: Ball 3-2: Foul Ball, location: 2F 3-2: Ground out 4-3 (Groundball, 34S, EV 91.2 MPH)
|
Bottom of the 9th over - 0 runs, 0 hits, 0 errors, 1 left on base; University of Arizona 4 - UCLA 4 |
TOP OF THE 10TH |
University of Arizona Wildcats batting - Pitching for UCLA Bruins : LHP Honor Munoz
|
Pitching: LHP Kenny Coolbaugh
|
|
Batting: RHB Eddy Amaya
|
0-0: Ball 1-0: Ball 2-0: Ball 3-0: Called Strike 3-1: Called Strike 3-2: Foul Ball, location: 2F 3-2: Foul Ball, location: 2F 3-2: Base on Balls
|
Batting: LHB Jere Paatelainen
|
0-0: Ball 1-0: Sac Bunt to 15 - play at first, batter OUT! 1-3 Eddy Amaya to second
|
Batting: RHB Larry Harlow
|
0-0: Ball 1-0: Called Strike 1-1: Swinging Strike 1-2: Ball 2-2: Strikes out swinging
|
Batting: RHB Ron Dondale
|
0-0: Intentional Walk
|
Batting: RHB Carlos Maravilla
|
0-0: Foul Ball, location: 2F 0-1: Fly out, F8 (Flyball, 8RM, EV 88.1 MPH)
|
Top of the 10th over - 0 runs, 0 hits, 0 errors, 2 left on base; University of Arizona 4 - UCLA 4 |
BOTTOM OF THE 10TH |
UCLA Bruins batting - Pitching for University of Arizona Wildcats : LHP Victor Silva
|
Batting: RHB Ivan Murillo
|
0-0: Ball 1-0: Swinging Strike 1-1: Swinging Strike 1-2: Ball 2-2: Strikes out swinging
|
Batting: RHB Ken Hillman
|
0-0: Ball 1-0: Ball 2-0: Ball 3-0: Called Strike 3-1: Called Strike 3-2: Base on Balls
|
Pinch Hitting: SHB Sean Munns
|
0-0: Foul Ball, location: 2F 0-1: Swinging Strike 0-2: Grounds into double play, 4-6-3 (Groundball, 4M, EV 105.0 MPH)
|
Bottom of the 10th over - 0 runs, 0 hits, 0 errors, 0 left on base; University of Arizona 4 - UCLA 4 |
TOP OF THE 11TH |
University of Arizona Wildcats batting - Pitching for UCLA Bruins : LHP Kenny Coolbaugh
|
Now in CF: Sean Munns
|
|
Batting: LHB Andrew Davis
|
0-0: Ball 1-0: Ground out 4-3 (Groundball, 4S, EV 73.8 MPH)
|
Batting: LHB Lihau Keawe
|
0-0: Ground out 5-3 (Groundball, 56, EV 87.5 MPH)
|
Batting: SHB George Grace
|
0-0: Ball 1-0: Ball 2-0: Foul Ball, location: 2F 2-1: Ball 3-1: Base on Balls
|
Pitching: RHP Mark Crawford
|
|
Batting: RHB Tatsuro Hamasaki
|
0-0: Ball 1-0: Foul Ball, location: 2F 1-1: Called Strike 1-2: Strikes out swinging
|
Top of the 11th over - 0 runs, 0 hits, 0 errors, 1 left on base; University of Arizona 4 - UCLA 4 |
BOTTOM OF THE 11TH |
UCLA Bruins batting - Pitching for University of Arizona Wildcats : LHP Victor Silva
|
Pitching: RHP Rogelio Chavez
|
|
Batting: RHB Andy Knerr
|
0-0: Ground out 1-3 (Groundball, 25, EV 76.2 MPH)
|
Batting: RHB Issac Konol
|
0-0: Ball 1-0: Swinging Strike 1-1: Ball 2-1: Foul Ball, location: 2F 2-2: Foul Ball, location: 2F 2-2: Fly out, F9 (Flyball, 9D, EV 91.2 MPH)
|
Batting: LHB Scott Mullett
|
0-0: DOUBLE (Flyball, 8LXD, EV 105.0 MPH)
|
Batting: RHB Dave Spradley
|
0-0: Called Strike 0-1: Ball 1-1: Swinging Strike 1-2: Fly out, F8 (Flyball, 8RXD, EV 98.1 MPH)
|
Bottom of the 11th over - 0 runs, 1 hit, 0 errors, 1 left on base; University of Arizona 4 - UCLA 4 |
TOP OF THE 12TH |
University of Arizona Wildcats batting - Pitching for UCLA Bruins : RHP Mark Crawford
|
Batting: RHB Eddy Amaya
|
0-0: Called Strike 0-1: Ball 1-1: Foul Ball, location: 2F 1-2: Ball 2-2: Foul Ball, location: 2F 2-2: Ball 3-2: Base on Balls
|
Batting: LHB Jere Paatelainen
|
0-0: Called Strike Eddy Amaya steals 2nd base 0-1: Swinging Strike 0-2: Foul Ball, location: 2F 0-2: Strikes out swinging
|
Batting: RHB Larry Harlow
|
0-0: Called Strike 0-1: Ball 1-1: Foul Ball, location: 2F 1-2: Ball 2-2: Ground out 5-3 (Groundball, 5S, EV 72.5 MPH) Eddy Amaya to third
|
Batting: RHB Ron Dondale
|
0-0: Intentional Walk
|
Pitching: LHP Joe Landgraff
|
|
Batting: RHB Carlos Maravilla
|
0-0: Swinging Strike 0-1: Ball 1-1: Called Strike 1-2: Ground out 4-3 (Groundball, 4, EV 91.9 MPH)
|
Top of the 12th over - 0 runs, 0 hits, 0 errors, 2 left on base; University of Arizona 4 - UCLA 4 |
BOTTOM OF THE 12TH |
UCLA Bruins batting - Pitching for University of Arizona Wildcats : RHP Rogelio Chavez
|
Batting: RHB Michael Alvarado
|
0-0: Ball 1-0: Swinging Strike 1-1: Ball 2-1: Foul Ball, location: 2F 2-2: Ground out 6-3 (Groundball, 6, EV 86.9 MPH)
|
Batting: SHB Mike Beck
|
0-0: Ball 1-0: Ball 2-0: Ball 3-0: Base on Balls
|
Batting: RHB Ivan Murillo
|
0-0: Ball 1-0: SINGLE (Groundball, 6D, EV 95.6 MPH) Mike Beck to second
|
Batting: RHB Ken Hillman
|
0-0: Called Strike 0-1: Called Strike 0-2: Strikes out looking
|
Pitching: RHP Steve Wiest
|
|
Batting: SHB Sean Munns
|
0-0: Ball 1-0: Fly out, F7 (Flyball, 7S, EV 80.0 MPH)
|
Bottom of the 12th over - 0 runs, 1 hit, 0 errors, 2 left on base; University of Arizona 4 - UCLA 4 |
TOP OF THE 13TH |
University of Arizona Wildcats batting - Pitching for UCLA Bruins : LHP Joe Landgraff
|
Batting: LHB Andrew Davis
|
0-0: Called Strike 0-1: Ball 1-1: Foul Ball, location: 2F 1-2: Ground out 4-3 (Groundball, 4, EV 79.4 MPH)
|
Batting: LHB Lihau Keawe
|
0-0: Called Strike 0-1: Called Strike 0-2: Ball 1-2: SINGLE (Line Drive, 78S, EV 106.9 MPH)
|
Batting: SHB George Grace
|
0-0: Called Strike 0-1: Called Strike 0-2: Strikes out swinging
|
Batting: RHB Tatsuro Hamasaki
|
0-0: Called Strike 0-1: Fly out, F9 (Flyball, 9D, EV 100.6 MPH)
|
Top of the 13th over - 0 runs, 1 hit, 0 errors, 1 left on base; University of Arizona 4 - UCLA 4 |
BOTTOM OF THE 13TH |
UCLA Bruins batting - Pitching for University of Arizona Wildcats : RHP Steve Wiest
|
Batting: RHB Andy Knerr
|
0-0: Ball 1-0: Called Strike 1-1: Ball 2-1: Ball 3-1: Called Strike 3-2: Base on Balls
|
Batting: RHB Issac Konol
|
0-0: Ball 1-0: Called Strike 1-1: Foul Ball, location: 2F 1-2: Ball 2-2: Ball Andy Knerr steals 2nd base 3-2: Fly out, F8 (Flyball, 8LM, EV 81.2 MPH)
|
Batting: LHB Scott Mullett
|
0-0: Ball 1-0: Ball 2-0: Called Strike 2-1: Foul Ball, location: 2F 2-2: Foul Ball, location: 2F 2-2: Ball 3-2: Fly out, F6 (Popup, 6MD, EV 53.1 MPH)
|
Batting: RHB Dave Spradley
|
0-0: Ground out 6-3 (Groundball, 6, EV 103.8 MPH)
|
Bottom of the 13th over - 0 runs, 0 hits, 0 errors, 1 left on base; University of Arizona 4 - UCLA 4 |
TOP OF THE 14TH |
University of Arizona Wildcats batting - Pitching for UCLA Bruins : LHP Joe Landgraff
|
Batting: RHB Eddy Amaya
|
0-0: Ball 1-0: Ground out 4-3 (Groundball, 34, EV 93.1 MPH)
|
Batting: LHB Jere Paatelainen
|
0-0: Foul Ball, location: 2F 0-1: Ball 1-1: Foul Ball, location: 2F 1-2: Ball 2-2: Strikes out swinging
|
Batting: RHB Larry Harlow
|
0-0: SINGLE (Groundball, 6S, EV 96.2 MPH)
|
Batting: RHB Ron Dondale
|
0-0: Called Strike 0-1: Ball 1-1: Foul Ball, location: 2F 1-2: Ball 2-2: Fly out, F8 (Flyball, 8RD, EV 104.4 MPH)
|
Top of the 14th over - 0 runs, 1 hit, 0 errors, 1 left on base; University of Arizona 4 - UCLA 4 |
BOTTOM OF THE 14TH |
UCLA Bruins batting - Pitching for University of Arizona Wildcats : RHP Steve Wiest
|
Batting: RHB Michael Alvarado
|
0-0: Ball 1-0: Called Strike 1-1: Ground out 5-3 (Groundball, 5, EV 108.1 MPH)
|
Batting: SHB Mike Beck
|
0-0: Ball 1-0: Foul Ball, location: 2F 1-1: Ball 2-1: Foul Ball, location: 2F 2-2: Ball 3-2: Fly out, F7 (Flyball, 7, EV 81.9 MPH)
|
Pitching: RHP Jairo Picano
|
|
Batting: RHB Ivan Murillo
|
0-0: Called Strike 0-1: Foul Ball, location: 2F 0-2: Ball 1-2: Ball 2-2: Ball 3-2: Base on Balls
|
Batting: RHB Ken Hillman
|
0-0: Fielders Choice at 2nd, 6-4 (Groundball, 6, EV 98.8 MPH)
|
Bottom of the 14th over - 0 runs, 0 hits, 0 errors, 1 left on base; University of Arizona 4 - UCLA 4 |
TOP OF THE 15TH |
University of Arizona Wildcats batting - Pitching for UCLA Bruins : LHP Joe Landgraff
|
Pitching: LHP Marcus Finch
|
|
Batting: RHB Carlos Maravilla
|
0-0: Called Strike 0-1: Swinging Strike 0-2: Foul Ball, location: 2F 0-2: Ball 1-2: Ball 2-2: Ball 3-2: Strikes out swinging
|
Batting: LHB Andrew Davis
|
0-0: Ball 1-0: Ball 2-0: Called Strike 2-1: Ball 3-1: Swinging Strike 3-2: Foul Ball, location: 2F 3-2: Foul Ball, location: 2F 3-2: Base on Balls
|
Batting: LHB Lihau Keawe
|
0-0: Ball 1-0: SINGLE (Line Drive, 3D, EV 94.4 MPH) Andrew Davis to second Runner from 2nd tries for 3rd, OUT! 9-5
|
Batting: SHB George Grace
|
0-0: Foul Ball, location: 2F 0-1: Foul Ball, location: 2F 0-2: Ball 1-2: Ball 2-2: Ball 3-2: Foul Ball, location: 2F 3-2: Foul Ball, location: 2F 3-2: Foul Ball, location: 2F 3-2: 2-RUN HOME RUN (Flyball, 9LD, EV 95.6 MPH), Distance : 336 ft
|
Batting: RHB Tatsuro Hamasaki
|
0-0: Fly out, F9 (Flyball, 9D, EV 91.9 MPH)
|
Top of the 15th over - 2 runs, 2 hits, 0 errors, 0 left on base; University of Arizona 6 - UCLA 4 |
BOTTOM OF THE 15TH |
UCLA Bruins batting - Pitching for University of Arizona Wildcats : RHP Jairo Picano
|
Batting: SHB Sean Munns
|
0-0: Called Strike 0-1: Fly out, F8 (Flyball, 8LD, EV 100.0 MPH)
|
Batting: RHB Andy Knerr
|
0-0: Foul Ball, location: 2F 0-1: Ball 1-1: Ground out 1-3 (Groundball, 13S, EV 72.5 MPH)
|
Batting: RHB Issac Konol
|
0-0: Foul Ball, location: 2F 0-1: Foul Ball, location: 2F 0-2: Ball 1-2: Ground out 5-3 (Groundball, 56S, EV 80.6 MPH)
|
Bottom of the 15th over - 0 runs, 0 hits, 0 errors, 0 left on base; University of Arizona 6 - UCLA 4 |
|